Map: Ascension to Aiur LE

Players

Drunkenboi - Winner!

  • Race: Terran Terran
  • Spawn Location: 5:00

Pokebunny

  • Race: Terran Terran
  • Spawn Location: 11:00

Event: WCS Montreal 2017

VOD

Have the link to the VOD?

Description

Time

  • Played on: Sept. 8, 2017, 3:28 p.m.
  • Length: 14:01

All games in this series

Show
View Real Time Build Order
Export as new Build Order

Drunkenboi Terran - Winner!

Build Orders: Reaper Expand, Bio Tank 

Get SALT Encoding   

  12  0:01  SCV  
  13  0:13  SCV  
  14  0:17  Supply Depot  
  14  0:25  SCV  
  15  0:38  SCV, Refinery  
  16  0:44  Barracks  
  16  0:50  SCV  
  17  1:03  SCV  
  18  1:15  SCV  
  19  1:31  Orbital Command, Reaper  
  20  1:44  Command Center  
  20  1:51  Supply Depot  
  20  1:56  SCV  
  21  2:04  Reaper  
  22  2:08  SCV  
  22  2:15  Refinery  
  23  2:18  Factory  
  23  2:21  SCV  
  24  2:33  SCV  
  24  2:36  Barracks Reactor  
  25  2:45  SCV  
  26  2:55  Command Center  
  26  2:58  SCV  
  27  3:04  Starport  
  27  3:13  Orbital Command  
  27  3:24  Marine x2  
  27  3:25  SCV  
  29  3:34  Cyclone  
  29  3:37  SCV  
  32  3:41  Starport Tech Lab  
  32  3:42  Marine x2  
  32  3:43  SCV  
  32  3:47  Supply Depot  
  35  3:49  SCV  
  35  3:54  Supply Depot  
  37  3:55  SCV  
  37  3:59  Raven  
  37  4:01  SCV  
  40  4:03  Marine x2  
  40  4:06  Factory Tech Lab  
  40  4:07  SCV  
  43  4:12  Bunker  
  43  4:13  SCV  
  43  4:15  Orbital Command  
  44  4:19  SCV  
  44  4:21  Marine  
  44  4:22  Marine  
  47  4:25  SCV  
  47  4:28  Siege Tank  
  47  4:29  Orbital Command  
  51  4:32  SCV  
  51  4:36  Engineering Bay  
  51  4:38  SCV  
  53  4:48  SCV  
  53  4:50  SCV  
  53  4:51  Refinery x2  
  55  4:53  Viking x2  
  55  4:54  Marine  
  55  4:59  Supply Depot  
  60  5:04  SCV x2  
  60  5:05  SCV  
  63  5:11  Stimpack  
  63  5:13  Missile Turret  
  63  5:14  Missile Turret  
  63  5:16  SCV x2  
  63  5:18  SCV  
  63  5:19  Marine  
  66  5:24  Viking  
  65  5:28  SCV x2  
  65  5:34  Siege Tank  
  70  5:42  Barracks  
  70  5:44  Barracks  
  70  5:45  Marine  
  73  5:51  Supply Depot  
  73  5:52  Supply Depot  
  71  6:03  Barracks  
  71  6:05  Barracks, SCV x2  
  71  6:06  Siege Tank, Starport Reactor  
  71  6:10  Marine  
  77  6:14  Terran Infantry Weapons Level 1  
  77  6:16  Engineering Bay  
  77  6:18  Supply Depot  
  77  6:19  Supply Depot  
  77  6:24  SCV  
  77  6:25  SCV x2  
  80  6:28  Marine  
  80  6:32  Barracks Reactor  
  81  6:38  Siege Tank  
  84  6:41  Orbital Command  
  84  6:46  Marine, SCV x2  
  87  6:49  Marine  
  87  6:50  Marine  
  87  6:51  Medivac x2  
  90  6:56  Terran Infantry Armor Level 1  
  90  6:57  Armory, Barracks Reactor  
  90  6:58  SCV x2  
  92  7:03  Barracks Reactor  
  92  7:04  Marine  
  92  7:07  Marine x2, SCV  
  96  7:10  SCV x2  
  96  7:12  Missile Turret  
  98  7:17  Combat Shields  
  98  7:18  Marine  
  98  7:19  SCV  
  98  7:21  Siege Tank  
  98  7:22  SCV x2  
  105  7:23  Marine  
  103  7:34  Marine x4  
  103  7:35  Marine  
  103  7:36  Marine  
  109  7:43  Refinery x2  
  109  7:46  Supply Depot, Marine x3  
  109  7:50  Medivac x2  
  116  7:52  Marine x2  
  116  7:53  Marine  
  116  7:54  Siege Tank  
  122  8:04  Marine  
  103  8:14  Marine x4  
  103  8:19  Marine  
  101  8:20  Liberator x2  
  101  8:22  Terran Infantry Weapons Level 2  
  101  8:23  Barracks  
  101  8:24  Barracks  
  101  8:25  Barracks  
  101  8:26  Siege Tank, SCV x2  
  106  8:27  SCV  
  106  8:30  Marine  
  106  8:33  Marine  
  106  8:34  Marine x5  
  120  8:44  Marine x2  
  120  8:48  Marine  
  123  8:52  Factory, Marine  
  124  8:59  Supply Depot x2  
  124  9:01  Command Center, Marine  
  125  9:07  Marine x2  
  127  9:16  Marine x2  
  122  9:19  Terran Infantry Armor Level 2  
  122  9:20  Terran Vehicle Weapons Level 1, SCV  
  122  9:21  SCV x2  
  122  9:24  Siege Tank  
  117  9:25  Medivac x2  
  118  9:38  Factory Tech Lab  
  117  9:50  Liberator x2  
  105  10:03  Siege Tank x2  
  105  10:05  Marine x12  
  122  10:18  Planetary Fortress  
  114  10:21  Missile Turret  
  114  10:22  Marine  
  114  10:23  Marine x11  
  126  10:33  Liberator x2  
  126  10:34  Barracks  
  126  10:36  Barracks  
  126  10:40  Marine x4  
  126  10:41  Marine x4  
  126  10:42  Marine  
  135  10:47  Siege Tank x2  
  135  10:48  Marine x2  
  135  10:49  Marine  
  150  10:58  Marine x2  
  150  11:01  Marine  
  150  11:02  Marine x2  
  155  11:14  Marine  
  155  11:15  Supply Depot x2, Terran Infantry Weapons Level 3  
  155  11:16  Supply Depot  
  153  11:19  Siege Tank x2  
  152  11:26  Marine x2  
  150  11:32  Marine  
  150  11:33  Marine  
  150  11:39  Marine, Refinery x2  
  152  11:40  Marine  
  152  11:44  Marine  
  152  11:46  Marine x2  
  157  11:47  Command Center  
  157  11:50  Marine  
  157  11:51  Siege Tank x2  
  163  12:03  Marine x2  
  162  12:11  Marine x2  
  164  12:16  Liberator x2  
  164  12:18  Marine x2  
  154  12:23  Siege Tank  
  154  12:29  Marine x10  
  151  12:33  Siege Tank  
  151  12:36  Marine x2  
  155  12:46  Marine  
  155  12:47  Marine x9  
  145  12:54  Marine x2  
  145  12:55  Siege Tank  
  148  13:04  Marine x6  
  148  13:05  Marine x4  
  158  13:06  Siege Tank  
  158  13:11  Marine  
  158  13:12  Marine  
  163  13:16  Medivac x2  
  167  13:21  Planetary Fortress  
  167  13:22  Marine x3  
  167  13:23  Marine x2  
  169  13:28  Siege Tank  
  169  13:32  Marine x2  
  168  13:36  Marine x3  
Show
View Real Time Build Order
Export as new Build Order

Pokebunny Terran 

Build Orders: Cyclone Opening, Gas First Reaper Expand, Reaper Expand, Bio Tank 

Get SALT Encoding   

  12  0:00  SCV  
  13  0:12  SCV  
  14  0:17  Supply Depot  
  14  0:25  SCV  
  15  0:28  Refinery  
  15  0:38  SCV  
  16  0:44  Barracks  
  16  0:50  SCV  
  17  1:03  SCV  
  18  1:15  SCV  
  19  1:31  Orbital Command, Reaper  
  20  1:42  Command Center  
  20  1:54  Factory  
  20  1:56  SCV  
  21  2:02  Refinery  
  21  2:07  Barracks Reactor  
  21  2:08  SCV  
  21  2:13  Supply Depot  
  22  2:21  SCV  
  23  2:34  SCV  
  24  2:40  Starport  
  24  2:43  Marine x2  
  25  2:46  SCV  
  26  2:54  Cyclone  
  26  2:55  Orbital Command  
  29  2:59  SCV  
  29  3:01  Marine  
  29  3:04  Marine  
  29  3:22  Marine  
  29  3:23  Viking  
  30  3:31  Factory Tech Lab  
  30  3:33  SCV  
  29  3:34  SCV  
  29  3:36  Marine  
  29  3:40  Marine  
  32  3:45  SCV  
  32  3:47  SCV  
  34  3:54  Marine  
  35  3:57  Marine  
  35  3:59  Banshee, Cloaking Field  
  39  4:03  SCV x2  
  39  4:07  Supply Depot  
  41  4:12  Factory Tech Lab  
  41  4:13  Marine  
  41  4:15  Marine  
  41  4:16  SCV  
  44  4:23  SCV  
  45  4:30  SCV  
  46  4:31  Marine  
  46  4:33  Marine  
  50  4:39  Siege Tank  
  50  4:42  Supply Depot, Banshee  
  54  5:01  Command Center  
  54  5:04  Marine x2, SCV x2  
  54  5:05  Supply Depot  
  58  5:12  Siege Tank  
  61  5:15  Refinery  
  61  5:16  SCV  
  60  5:35  Barracks, SCV x2  
  60  5:36  Barracks  
  60  5:38  Starport Reactor  
  60  5:39  Marine  
  60  5:41  Stimpack  
  62  5:47  SCV  
  62  5:48  SCV  
  64  5:50  Supply Depot  
  64  5:56  Siege Tank  
  67  5:59  Refinery  
  67  6:00  SCV x2  
  69  6:04  Marine  
  67  6:14  Orbital Command, SCV x2  
  69  6:23  Engineering Bay x2  
  68  6:27  SCV x2  
  68  6:30  Marine x3, Barracks Reactor  
  73  6:35  Siege Tank  
  76  6:44  SCV x2  
  76  6:45  SCV  
  79  6:55  Medivac x2, Marine  
  79  6:56  Marine x2  
  79  6:57  SCV x2  
  79  6:59  Terran Infantry Weapons Level 1  
  79  7:00  Terran Infantry Armor Level 1  
  88  7:08  Siege Tank  
  91  7:11  Supply Depot  
  91  7:12  Supply Depot  
  88  7:25  SCV  
  88  7:26  SCV x2  
  88  7:27  Marine x2  
  93  7:31  Barracks  
  93  7:32  Supply Depot, Marine x3  
  93  7:34  Barracks  
  89  7:43  Siege Tank  
  91  7:45  Medivac x2  
  91  7:47  Combat Shields  
  91  7:49  Marine x2  
  91  7:50  Marine  
  91  7:51  SCV x3  
  100  8:03  Marine x2  
  81  8:07  Marine x2  
  76  8:16  SCV x3  
  73  8:20  Barracks Reactor x2  
  73  8:24  Armory  
  73  8:27  Marine x2  
  73  8:28  Marine x3, SCV x3  
  73  8:29  Siege Tank  
  84  8:37  Medivac  
  84  8:38  Medivac  
  84  8:40  SCV x3  
  90  8:48  Refinery  
  90  8:51  Sensor Tower  
  90  8:52  Marine x4, SCV x2  
  90  8:53  Marine, SCV  
  98  8:58  Marine x3  
  98  8:59  Marine  
  98  9:02  Siege Tank  
  98  9:17  Marine x6  
  98  9:22  Marine  
  98  9:23  Marine x2  
  105  9:34  Siege Tank, Marine  
  105  9:35  Marine x3  
  105  9:37  Marine x2  
  113  9:40  Marine, Terran Infantry Armor Level 2, Terran Infantry Weapons Level 2  
  113  9:41  Marine x2  
  113  9:45  Refinery  
  116  9:51  Command Center  
  116  9:52  Marine  
  116  9:54  Marine  
  116  9:55  Marine  
  107  10:04  Marine x4  
  107  10:05  Marine  
  111  10:07  Siege Tank, Medivac x2  
  111  10:10  Marine  
  115  10:19  Marine  
  115  10:20  Marine x2  
  111  10:22  Marine x4  
  111  10:24  Marine  
  111  10:28  Marine  
  117  10:30  Barracks, Factory  
  117  10:31  Barracks  
  117  10:40  Medivac x2, Marine x3, Siege Tank  
  117  10:43  Supply Depot x2  
  117  10:45  Supply Depot  
  117  10:58  Marauder  
  117  11:03  SCV  
  117  11:04  SCV  
  119  11:06  Marine x3  
  119  11:07  Marine x5  
  126  11:17  Barracks Reactor  
  125  11:18  Barracks Reactor  
  125  11:19  Factory Tech Lab, Marine  
  125  11:20  Siege Tank  
  125  11:24  Marine x2  
  119  11:27  Marine x2  
  119  11:28  Marine x4  
  122  11:36  Medivac  
  122  11:37  Medivac, Marine  
  122  11:38  Planetary Fortress  
  126  11:42  Marine x2  
  126  11:44  Siege Tank  
  126  11:45  Marine x3  
  134  11:47  Marine x2  
  134  11:52  Siege Tank  
  139  12:02  Marine x6  
  139  12:06  Medivac  
  139  12:07  Medivac  
  139  12:08  Marine x3  
  147  12:09  Marine  
  150  12:16  Siege Tank  
  138  12:27  Marine  
  138  12:28  Marine x7  
  138  12:29  Marine  
  138  12:31  Siege Tank, Marine x2  
  143  12:41  Marine x2  
  125  12:45  Marine x2  
  125  12:46  Marine x6  
  125  12:47  Marine  
  125  12:49  Marine x2  
  121  12:59  Marine x2  
  121  13:02  Siege Tank  
  121  13:03  Marine x8  
  121  13:05  Marine  
  123  13:07  Marine x2  
  123  13:08  SCV  
  123  13:17  Marine  
  123  13:18  Siege Tank  
  127  13:22  Marine  
  127  13:23  Marine  
  127  13:24  Marine  
  122  13:27  Marine  
  122  13:28  Marine x4  
  122  13:29  Marine  
  122  13:33  SCV  
  122  13:34  SCV x2  
  129  13:36  SCV  
Tags
 
Add a new tag
Caveats
  • Supply blocks, unpowered buildings, or Contaminate may cause inaccurate times.
  • Supply counts are checked every 10 seconds.